 Dungeon Crawl Stone Soup version 0.20-a0-640-g62ed22f (webtiles) character file.

880 polly the Slasher (level 7, -7/54 HPs)
             Began as a Demonspawn Gladiator on Feb 13, 2017.
             Was an Initiate of Yredelemnul.
             Killed by divine providence
             ... invoked by an orc priest
              (13 damage)
             ... on level 5 of the Dungeon.
             The game lasted 00:09:52 (5429 turns).

polly the Slasher (Demonspawn Gladiator)            Turns: 5429, Time: 00:09:53

Health: -7/54      AC:  5    Str: 16    XL:     7   Next: 75%
Magic:  7/7        EV: 12    Int: 19    God:    Yredelemnul [......]
Gold:   244        SH:  0    Dex: 14    Spells: 6/6 levels left

rFire    + . .     SeeInvis .   a - +0 long sword
rCold    . . .     Gourm    .   e - +1 ring mail of Edub {-Tele MR+++ Int+7}
rNeg     + . .     Faith    .   (no shield)
rPois    .         Spirit   .   (helmet restricted)
rElec    .         Reflect  .   (no cloak)
rCorr    .         Harm     .   (no gloves)
MR       +++..     NoTele   +   h - +2 pair of boots "Kama" {rN+ Stlth+}
Stlth    ++........             (no amulet)
Regen    0.2/turn               (no ring)
MPRegen  0.1/turn               (no ring)

@: corroded
A: claws 1, horns 1, clever 1, fire resistance 1, powered by death 1
a: Renounce Religion


You were on level 5 of the Dungeon.
You worshipped Yredelemnul.
Yredelemnul was noncommittal.
You were hungry.

You visited 1 branch of the dungeon, and saw 5 of its levels.

You collected 244 gold pieces.

Inventory:

Hand Weapons
 a - a +0 long sword (weapon)
Armour
 e - the +1 ring mail of Edub (worn) {-Tele MR+++ Int+7}
   (You found it on level 4 of the Dungeon)

   It affects your intelligence (+7).
   It affects your resistance to hostile enchantments.
   It prevents most forms of teleportation.
 h - the +2 pair of boots "Kama" (worn) {rN+ Stlth+}
   (You found it on level 4 of the Dungeon)

   It protects you from negative energy.
   It makes you more stealthy.
Scrolls
 i - 2 scrolls of blinking {unknown}
 j - a scroll of magic mapping {unknown}
 l - 3 scrolls of remove curse {unknown}
 m - a scroll of noise {unknown}
 n - a scroll of teleportation
 q - a scroll of amnesia {unknown}
 r - a scroll of enchant armour {unknown}
 s - a scroll of immolation {unknown}
Books
 b - a book of Minor Magic

   Spells                             Type                      Level
   a - Magic Dart                     Conjuration                  1
   b - Blink                          Translocation                2
   c - Call Imp                       Summoning                    2
   d - Slow                           Hexes                        2
   e - Conjure Flame                  Conjuration/Fire             3
   f - Mephitic Cloud                 Conjuration/Poison/Air       3
Comestibles
 c - a royal jelly
 f - 2 bread rations
 g - a meat ration
 p - 3 fruits


   Skills:
 + Level 4.0 Fighting
 + Level 5.9 Long Blades
 + Level 2.3 Throwing
 + Level 3.3 Armour
 + Level 4.0 Dodging
 + Level 1.0 Stealth


You had 6 spell levels left.
You didn't know any spells.

Dungeon Overview and Level Annotations

Branches:
Dungeon (5/15)
 Temple: D:4-7

Altars:
Ashenzari
Elyvilon
Fedhas
Makhleb
Trog
Yredelemnul
Zin
The Shining One


Innate Abilities, Weirdness & Mutations

You have sharp fingernails.
You have a pair of small horns on your head.
You regenerate a little health from kills.
Your mind is acute. (Int +2)
Your flesh is heat resistant. (rF+)


Message History

The orc priest hits you but does no damage.
The orc wizard barely misses you. The orc wizard closely misses you.
You riposte.
The orc shouts!
You hit the orc wizard but do no damage.
The orc priest hits you with a dagger.
The orc wizard hits you with an enchanted dagger.
The jelly hits you. The acid corrodes you!
You are splashed with acid!
The acid burns!
The orc wizard looks satisfied for a moment.
The orc wizard looks encouraged for a moment.
The orc wizard points at you and mumbles some strange words.
The puff of flame hits you! You resist.
The orc priest mumbles some strange prayers to Beogh against you.
Beogh smites you!
* * * LOW HITPOINT WARNING * * *
The orc priest mumbles some strange prayers to Beogh against you.
Beogh smites you!
You die...
Your body rises from the dead as a mindless zombie.

### #.. #.# #.#
#.###### #>##...#
#@##...# #
#J##...##.#
#S..a.>...#
########.ooo.....#
.................#
#########..##o..####
...........##.o.#
#.####.#.###...#
#..##.#..............


You could see a jelly, an orc priest, 2 orc wizards, an adder and an orc.

Vanquished Creatures
  Grinder (D:4)
  An ogre (D:5)
  A scorpion (D:4)
  2 crimson imps
  A jelly (D:5)
  2 orc priests
  A bullfrog skeleton (D:5)
  2 orc wizards
  4 worker ants
  3 gnolls
  6 adders
  A shadow imp (D:5)
  4 worms
  5 dart slugs
  8 leopard geckos
  6 orcs
  2 ball pythons
  5 bats
  4 giant cockroaches
  12 hobgoblins
  8 jackals
  2 quokkas
  6 frilled lizards
  6 goblins
  7 kobolds
  6 rats
  A spectral orc (D:4)
107 creatures vanquished.

Notes
Turn   | Place    | Note
-------+----------+-------------------------------------------
     0 | D:1      | polly the Demonspawn Gladiator began the quest for the Orb.
     0 | D:1      | Reached XP level 1. HP: 16/16 MP: 1/1
   149 | D:1      | Found a glowing golden altar of the Shining One.
   276 | D:1      | Reached skill level 3 in Long Blades
   295 | D:1      | Gained mutation: You regenerate a little health from kills. [demonic ancestry]
   295 | D:1      | Reached XP level 2. HP: 15/22 MP: 2/2
   705 | D:2      | Found a burning altar of Makhleb.
   705 | D:2      | Noticed a crimson imp
   720 | D:2      | Killed a crimson imp
   720 | D:2      | Reached skill level 1 in Armour
   720 | D:2      | Gained mutation: You have a pair of small horns on your head. [demonic ancestry]
   720 | D:2      | Reached XP level 3. HP: 14/28 MP: 3/3
  1056 | D:2      | Gained mutation: You have sharp fingernails. [demonic ancestry]
  1056 | D:2      | Reached XP level 4. HP: 13/34 MP: 4/4
  1464 | D:2      | Reached skill level 4 in Long Blades
  1835 | D:2      | Reached XP level 5. HP: 32/39 MP: 5/5
  2243 | D:3      | Reached XP level 6. HP: 21/47 MP: 6/6
  3017 | D:4      | Noticed Grinder
  3290 | D:4      | Gained mutation: Your flesh is heat resistant. (rF+) [potion of mutation]
  3290 | D:4      | Gained mutation: Your mind is acute. (Int +2) [potion of mutation]
  3295 | D:4      | Paralysed by Grinder for 3 turns
  3558 | D:4      | Got a steaming ring mail
  3568 | D:4      | Reached skill level 5 in Long Blades
  3588 | D:4      | Identified the +1 ring mail of Edub {-Tele MR+++ Int+7} (You found it on level 4 of the Dungeon)
  3602 | D:4      | Found a basalt altar of Yredelemnul.
  3615 | D:4      | Became a worshipper of Yredelemnul the Dark
  3725 | D:4      | Killed Grinder
  3725 | D:4      | Reached XP level 7. HP: 19/52 MP: 7/7
  3950 | D:4      | Found a glowing silver altar of Zin.
  4278 | D:4      | Got a pair of crude boots
  4285 | D:4      | Identified the +2 pair of boots "Kama" {rN+ Stlth+} (You found it on level 4 of the Dungeon)
  4376 | D:5      | Entered Level 5 of the Dungeon
  4390 | D:5      | Found a shattered altar of Ashenzari.
  4446 | D:5      | Found a blossoming altar of Fedhas.
  4446 | D:5      | Found a white marble altar of Elyvilon.
  4448 | D:5      | Found a bloodstained altar of Trog.
  4448 | D:5      | Found a shattered altar of Ashenzari.
  5170 | D:5      | Reached skill level 1 in Stealth
  5429 | D:5      | Killed from afar by an orc priest

Vault maps used:
D:1:      dpeg_arrival_signposts, serial_forest, infiniplex_forest_straight_3,
          infiniplex_forest_straight_3, infiniplex_forest_lined_room_3,
          infiniplex_forest_clump_C, infiniplex_forest_clump_medium,
          infiniplex_forest_clump_tiny, infiniplex_forest_straight_2,
          infiniplex_forest_corner_2, infiniplex_forest_clump_small, tso_altar
D:2:      makhleb_grotto_becter, minmay_misc_feat_cross
D:4:      yredelemnul_forgotten_temple_becter, nicolae_overflow_crystal_walls,
          first_bread, saegor_snake_ambush, uniq_grinder
D:5:      lemuel_castle_with_subvaults, okawaru_trees_1,
          grunt_temple_overflow_open, ashenzari_altar_1

Skill      XL: |  1  2  3  4  5  6  7 |
---------------+----------------------+-----
Long Blades    | 3 4 5 |  5.9
Armour         | 1 2 3 |  3.3
Dodging        | 3 4 |  4.0
Fighting       | 3 4 |  4.0
Throwing       | 2 |  2.3
Stealth        | 1 |  1.0

Action                   |  1- 3 |  4- 6 |  7- 9 || total
-------------------------+-------+-------+-------++-------
Melee: Long sword        |    78 |   190 |    91 ||   359
       Headbutt          |       |    44 |    18 ||    62
Throw: Throwing net      |       |     9 |     4 ||    13
  Use: Potion            |       |     4 |       ||     4
       Scroll            |       |     1 |       ||     1
 Stab: Distracted        |       |     1 |       ||     1
       Sleeping          |       |     1 |       ||     1
       Held in net/web   |       |     1 |     1 ||     2
  Eat: Chunk             |       |     9 |     1 ||    10
       Bread ration      |       |       |     1 ||     1
Armor: Leather armour    |    15 |    42 |       ||    57
       Ring mail         |       |     2 |    29 ||    31
Dodge: Dodged            |    56 |   151 |    53 ||   260
       Rpst.: Long sword |    13 |    39 |    19 ||    71
